Workbook

Sheet BDI 01
A3: BDI (CONFORME ACÓRDÃO Nº 2622/13 e LEI Nº 13.161 DE 31/08/15)
A5: OBRA: CONSTRUÇÃO DA ESTAÇÃO DE TRATAMENTO DE ESGOTO - ETE | F5: BDI | H5: 0.2418
A7: CONSTRUÇÃO E REFORMA DE EDIFÍCIOS
A8: DISCRIMINAÇÃO DAS PARCELAS | D8: SIGLA | E8: (ISS = 5,00%) | G8: INCIDÊNCIA
A9: CUSTO DIRETO | D9: CD | E9: 1
A10: ADMINISTRAÇÃO CENTRAL | D10: AC | E10: 0.04 | G10: CD
A11: LUCRO BRUTO | D11: L | E11: 0.074 | G11: CD
A12: DESPESAS FINANCEIRAS | D12: DF | E12: 0.0123 | G12: CD
A13: SEGUROS, GARANTIAS E RISCO | E13: 0.0207 | G13: CD
A14: SEGUROS + GARANTIAS | D14: SG | E14: 0.008 | G14: CD
A15: RISCO(*) | D15: R | E15: 0.0127 | G15: CD
A16: TRIBUTOS | D16: I | E16: 0.1115 | G16: PV
A17: ISS | D17: ISS (1) | E17: 0.05 | G17: PV
A18: PIS | D18: PIS | E18: 0.0065 | G18: PV
A19: COFINS | D19: COFINS | E19: 0.03 | G19: PV
A20: CPRB | D20: INSS | E20: 0.025 | G20: PV
A22: FÓRMULA DO BDI | D22: BDI =
A23: BDI COM DESONERAÇÃO = | E23: 0.2418
B28: Kelton José Amaral Nascimento
B29: Engenheiro Civil
B30: CREA-MG 336807/D

Sheet BDI 02
A3: BDI (CONFORME ACÓRDÃO Nº 2622/13 e LEI Nº 13.161 DE 31/08/15)
A5: OBRA: CONSTRUÇÃO DA ESTAÇÃO DE TRATAMENTO DE ESGOTO - ETE | F5: BDI | H5: 0.0986
A7: CONSTRUÇÃO E REFORMA DE EDIFÍCIOS
A8: DISCRIMINAÇÃO DAS PARCELAS | D8: SIGLA | E8: (ISS = 5,00%) | G8: INCIDÊNCIA
A9: CUSTO DIRETO | D9: CD | E9: 1
A10: ADMINISTRAÇÃO CENTRAL | D10: AC | E10: 0.015 | G10: CD
A11: LUCRO BRUTO | D11: L | E11: 0.035 | G11: CD
A12: DESPESAS FINANCEIRAS | D12: DF | E12: 0.0056 | G12: CD
A13: SEGUROS, GARANTIAS E RISCO | E13: 0.003 | G13: CD
A14: SEGUROS + GARANTIAS | D14: SG | E14: 0.003 | G14: CD
A15: RISCO(*) | D15: R | E15: 0 | G15: CD
A16: TRIBUTOS | D16: I | E16: 0.0365 | G16: PV
A17: ISS | D17: ISS (1) | E17: 0 | G17: PV
A18: PIS | D18: PIS | E18: 0.0065 | G18: PV
A19: COFINS | D19: COFINS | E19: 0.03 | G19: PV
A20: CPRB | D20: INSS | E20: 0 | G20: PV
A22: FÓRMULA DO BDI | D22: BDI =
A23: BDI COM DESONERAÇÃO = | E23: 0.0986
B28: Kelton José Amaral Nascimento
B29: Engenheiro Civil
B30: CREA-MG 336807/D

Sheet Planilha Orçamentária
D1: OBRA | E1: BANCOS | G1: B.D.I. - ESGOTO | H1: B.D.I - AQUISIÇÃO DE EQUIPAMENTOS E MATERIAIS | I1: ENCARGOS SOCIAIS:
D2: CONSTRUÇÃO DA ESTAÇÃO DE TRATAMENTO DE ESGOTO - ETE CONSTRUÇÃO CIVIL | E2: SINAPI - 03/2026 - Minas Gerais SBC - 03/2026 - Minas Gerais SICRO3 - 10/2025 - Minas Gerais ORSE - 01/2026 - Sergipe SETOP - 01/2026 - Minas Gerais IOPES - 12/2025 - Espírito Santo SIURB - 07/2025 - São Paulo SIURB INFRA - 07/2025 - São Paulo SUDECAP - 10/2025 - Minas Gerais CPOS/CDHU - 01/2026 - São Paulo FDE - 01/2026 - São Paulo AGETOP CIVIL - 06/2025 - Goiás AGETOP RODOVIARIA - 06/2025 - Goiás EMBASA - 06/2025 - sem_encargos EMOP - 02/2026 - Rio de Janeiro SCO - 01/2026 - Rio de Janeiro | G2: 0.2418 | H2: 0.0986 | I2: DESONERADO: EMBUTIDO NOS PREÇOS UNITÁRIOS DOS INSUMOS DE MÃO DE OBRA, DE ACORDO COM AS BASES.
A4: ORÇAMENTO SINTÉTICO
A5: ITEM | B5: CÓDIGO | C5: BANCO | D5: DESCRIÇÃO | E5: UNID | F5: QUANTIDADE | G5: VALOR UNIT. | H5: VALOR UNIT. COM BDI | I5: TOTAL | J5: PESO (%)
A6: 1 | D6: SERVIÇOS PRELIMINARES | I6: 42148.17 | J6: =I6/$H$97 -> 0.12010041
A7: 1.1 | B7: ED-28427 | C7: SETOP | D7: FORNECIMENTO E COLOCAÇÃO DE PLACA DE OBRA EM CHAPA GALVANIZADA #26, ESP. 0,45MM, DIMENSÃO (3X1,5)M, PLOTADA COM ADESIVO VINÍLICO, AFIXADA COM REBITES 4,8X40MM, EM ESTRUTURA METÁLICA DE METALON 20X20MM, ESP. 1,25MM, INCLUSIVE SUPORTE EM EUCALIPTO AUTOCLAVADO PINTADO COM TINTA PVA DUAS (2) DEMÃOS | E7: UN | F7: 1 | G7: 1187.1 | H7: =G7*(1+$G$2) -> 1474.1408 | I7: =F7*H7 -> 1474.1408 | J7: =I7/$H$97 -> 0.004200536
A8: 1.2 | B8: 021101 | C8: SBC | D8: MOBILIZACAO/DESMOBILIZACAO DE EQUIP. E MO | E8: UN | F8: 1 | G8: 15000 | H8: =G8*(1+$G$2) -> 18627 | I8: =F8*H8 -> 18627 | J8: =I8/$H$97 -> 0.053077281
A9: 1.3 | B9: 16.30.013 | C9: FDE | D9: CANTEIRO DE OBRAS - LARG 3,30M | E9: m² | F9: 16 | G9: 521.75 | H9: =G9*(1+$G$2) -> 647.90915 | I9: 11087.84 | J9: =I9/$H$97 -> 0.031594588
A10: 1.4 | B10: CO-27431 | C10: SETOP | D10: PROJETO EXECUTIVO DE INSTALAÇÕES ELÉTRICAS | E10: PR A1 | F10: 1 | G10: 1924.98 | H10: =G10*(1+$G$2) -> 2390.4402 | I10: =F10*H10 -> 2390.4402 | J10: =I10/$H$97 -> 0.0068115136
A11: 1.5 | B11: CO-27430 | C11: SETOP | D11: PROJETO EXECUTIVO DE INSTALAÇÕES HIDROSSANITÁRIAS | E11: PR A1 | F11: 2 | G11: 1842.62 | H11: =G11*(1+$G$2) -> 2288.1655 | I11: =F11*H11 -> 4576.331 | J11: =I11/$H$97 -> 0.013040168
A12: 1.6 | B12: CO-27427 | C12: SETOP | D12: PROJETO EXECUTIVO DE ESTRUTURA DE CONCRETO | E12: PR A1 | F12: 1 | G12: 1587.95 | H12: =G12*(1+$G$2) -> 1971.9163 | I12: =F12*H12 -> 1971.9163 | J12: =I12/$H$97 -> 0.0056189378
A13: 2 | D13: TRATAMENTO PRELIMINAR / POÇO DE SUCÇÃO | I13: 21594.35 | J13: =I13/$H$97 -> 0.061532688
A14: 2.1 | B14: 03.05.03 | C14: SUDECAP | D14: ESCAVAÇÃO E CARGA MECANIZADA COM RETROESCAVADEIRA EM MATERIAL DE 1ª CATEGORIA | E14: M³ | F14: 10 | G14: 6.09 | H14: =G14*(1+$G$2) -> 7.562562 | I14: 80.9 | J14: =I14/$H$97 -> 0.000230523
A15: 2.2 | B15: ED-49613 | C15: SETOP | D15: FORNECIMENTO DE CONCRETO NÃO ESTRUTURAL, PREPARADO EM OBRA COM BETONEIRA, COM FCK 9MPA, INCLUSIVE LANÇAMENTO, ADENSAMENTO E ACABAMENTO | E15: M³ | F15: 0.1 | G15: 771.98 | H15: =G15*(1+$G$2) -> 958.64476 | I15: =F15*H15 -> 95.864476 | J15: =I15/$H$97 -> 0.00027316399
A16: 2.3 | B16: 94964 | C16: SINAPI | D16: CONCRETO FCK = 20MPA, TRAÇO 1:2,7:3 (EM MASSA SECA DE CIMENTO/ AREIA MÉDIA/ BRITA 1) - PREPARO MECÂNICO COM BETONEIRA 400 L. AF_05/2021 | E16: M³ | F16: 2.72 | G16: 566.58 | H16: =G16*(1+$G$2) -> 703.57904 | I16: 2048.88 | J16: =I16/$H$97 -> 0.0058382444
A17: 2.4 | B17: 96534 | C17: SINAPI | D17: FABRICAÇÃO, MONTAGEM E DESMONTAGEM DE FÔRMA PARA BLOCO DE COROAMENTO, EM MADEIRA SERRADA, E=25 MM, 4 UTILIZAÇÕES. AF_01/2024 | E17: M² | F17: 20 | G17: 82.17 | H17: =G17*(1+$G$2) -> 102.03871 | I17: 2182.8 | J17: =I17/$H$97 -> 0.0062198469
A18: 2.5 | B18: ED-48298 | C18: SETOP | D18: CORTE, DOBRA E MONTAGEM DE AÇO CA 50/60, INCLUSIVE ESPAÇADOR | E18: KG | F18: 163 | G18: 13.76 | H18: =G18*(1+$G$2) -> 17.087168 | I18: 2979.64 | J18: =I18/$H$97 -> 0.0084904272
A19: 2.6 | B19: 4008000 | C19: SIURB INFRA | D19: REATERRO COMPACTADO DE FUNDAÇÃO | E19: M³ | F19: 28.7 | G19: 15.99 | H19: =G19*(1+$G$2) -> 19.856382 | I19: 609.59 | J19: =I19/$H$97 -> 0.0017370151
A20: 2.7 | B20: 053051 | C20: SBC | D20: TUBO PVC ESGOTO 150mm | E20: M | F20: 24 | G20: 60.72 | H20: =G20*(1+$H$2) -> 66.706992 | I20: 1601.04 | J20: =I20/$H$97 -> 0.0045621329
A21: 2.8 | B21: M119900151 | C21: EMBASA | D21: VERTEDOR SUTRO EM PRFV 650X800MM | E21: UN | F21: 1 | G21: 4594.14 | H21: =G21*(1+$H$2) -> 5047.1222 | I21: =F21*H21 -> 5047.1222 | J21: =I21/$H$97 -> 0.014381678
A22: 2.9 | B22: 11095 | C22: ORSE | D22: FORNECIMENTO DE COMPORTA TIPO STOP-LOG TIPO ALTO EM FIBRA DE VIDRO, LARGURA ÚTIL 200mm E ALTURA DE 400mm COM GAVETA MOVEDIÇA EM FIBRA DE VIDRO ESP.= 10mm, COM ACIONAMENTO MANUAL POR MANETE NA PRÓPRIA GAVETA | E22: UN | F22: 2 | G22: 411.14 | H22: =G22*(1+$H$2) -> 451.6784 | I22: =F22*H22 -> 903.35681 | J22: =I22/$H$97 -> 0.002574098
A23: 2.10 | B23: 10.04.43 | C23: EMBASA | D23: FORNEC. E ASSENT. DE TAMPA METALICA EM CHAPA DE ACO XADREZ COM SUPORTE PARA TRAFEGO | E23: M² | F23: 5.4 | G23: 559.42 | H23: =G23*(1+$H$2) -> 614.57881 | I23: =F23*H23 -> 3318.7256 | J23: =I23/$H$97 -> 0.0094566451
A24: 2.11 | B24: =Cotação!A23 -> COT-04 | C24: COTAÇÃO | D24: GRADE DE BARRAS METÁLICAS - E= 1,0CM | E24: UN | F24: 1 | G24: 450 | H24: =G24*(1+$H$2) -> 494.37 | I24: =F24*H24 -> 494.37 | J24: =I24/$H$97 -> 0.0014086979
A25: 3 | D25: BASE DE CONCRETO DO REATOR INCLUSIVE REGISTROS E CONEXÕES | I25: 86877.53 | J25: =I25/$H$97 -> 0.24755586
A26: 3.1 | B26: 03.05.03 | C26: SUDECAP | D26: ESCAVAÇÃO E CARGA MECANIZADA COM RETROESCAVADEIRA EM MATERIAL DE 1ª CATEGORIA | E26: M³ | F26: 10.7 | G26: 6.09 | H26: =G26*(1+$G$2) -> 7.562562 | I26: 86.56 | J26: =I26/$H$97 -> 0.00024665107
A27: 3.2 | B27: ED-49613 | C27: SETOP | D27: FORNECIMENTO DE CONCRETO NÃO ESTRUTURAL, PREPARADO EM OBRA COM BETONEIRA, COM FCK 9MPA, INCLUSIVE LANÇAMENTO, ADENSAMENTO E ACABAMENTO | E27: M³ | F27: 1.18 | G27: 771.98 | H27: =G27*(1+$G$2) -> 958.64476 | I27: 1209.9 | J27: =I27/$H$97 -> 0.0034475869
A28: 3.3 | B28: 94964 | C28: SINAPI | D28: CONCRETO FCK = 20MPA, TRAÇO 1:2,7:3 (EM MASSA SECA DE CIMENTO/ AREIA MÉDIA/ BRITA 1) - PREPARO MECÂNICO COM BETONEIRA 400 L. AF_05/2021 | E28: M³ | F28: 9.41 | G28: 566.58 | H28: =G28*(1+$G$2) -> 703.57904 | I28: 7081.31 | J28: =I28/$H$97 -> 0.020178058
A29: 3.4 | B29: 96534 | C29: SINAPI | D29: FABRICAÇÃO, MONTAGEM E DESMONTAGEM DE FÔRMA PARA BLOCO DE COROAMENTO, EM MADEIRA SERRADA, E=25 MM, 4 UTILIZAÇÕES. AF_01/2024 | E29: M² | F29: 6 | G29: 82.17 | H29: =G29*(1+$G$2) -> 102.03871 | I29: 654.84 | J29: =I29/$H$97 -> 0.0018659541
A30: 3.5 | B30: ED-48298 | C30: SETOP | D30: CORTE, DOBRA E MONTAGEM DE AÇO CA 50/60, INCLUSIVE ESPAÇADOR | E30: KG | F30: 640.5 | G30: 13.76 | H30: =G30*(1+$G$2) -> 17.087168 | I30: 11708.34 | J30: =I30/$H$97 -> 0.033362691
A31: 3.6 | B31: 031301 | C31: SBC | D31: ESTACA METÁLICA CRAVADA PERFIL H 10"" | E31: M | F31: 60 | G31: 669.79 | H31: =G31*(1+$H$2) -> 735.83129 | I31: 44149.8 | J31: =I31/$H$97 -> 0.12580401
A32: 3.7 | B32: 053051 | C32: SBC | D32: TUBO PVC ESGOTO 150mm | E32: M | F32: 36 | G32: 60.72 | H32: =G32*(1+$H$2) -> 66.706992 | I32: 2401.56 | J32: =I32/$H$97 -> 0.0068431993
A33: 3.8 | B33: 017041 | C33: SBC | D33: BOTA FORA ENTULHO (CARGA E DESCARGA/ MOM.TRANSPORTE 12.5KM. | E33: M³ | F33: 13.91 | G33: 64.25 | H33: =G33*(1+$G$2) -> 79.78565 | I33: 1187.08 | J33: =I33/$H$97 -> 0.0033825618
A34: 3.9 | B34: 12949 | C34: ORSE | D34: FORNECIMENTO E MONTAGEM DE MEDIDOR DE VAZÃO DO TIPO CALHA PARSHALL GARGANTA W3, EM FIBRA DE VIDRO | E34: UN | F34: 2 | G34: 983.38 | H34: =G34*(1+$H$2) -> 1080.3413 | I34: =F34*H34 -> 2160.6825 | J34: =I34/$H$97 -> 0.0061568236
A35: 3.10 | B35: ED-49986 | C35: SETOP | D35: REGISTRO DE GAVETA, TIPO BRUTO, ROSCÁVEL 4" (PARA TUBO SOLDÁVEL OU PPR DN 110MM/CPVC DN 114MM), INCLUSIVE VOLANTE PARA ACIONAMENTO | E35: UN | F35: 3 | G35: 1212.29 | H35: =G35*(1+$H$2) -> 1331.8218 | I35: 3995.46 | J35: =I35/$H$97 -> 0.011384987
A36: 3.11 | B36: ED-49980 | C36: SETOP | D36: REGISTRO DE GAVETA, TIPO BRUTO, ROSCÁVEL 2" (PARA TUBO SOLDÁVEL OU PPR DN 60MM/CPVC DN 54MM), INCLUSIVE VOLANTE PARA ACIONAMENTO | E36: UN | F36: 4 | G36: 230.79 | H36: =G36*(1+$H$2) -> 253.54589 | I36: 1014.2 | J36: =I36/$H$97 -> 0.0028899435
A37: 4 | D37: LEITO DE SECAGEM - A = 45 m² | I37: 50270.55 | J37: =I37/$H$97 -> 0.14324497
A38: 4.1 | B38: SE 20.05.0200 | C38: SCO | D38: PREPARO MANUAL DE TERRENO, COMPREENDENDO ACERTO, RASPAGEM EVENTUALMENTO ATÉ 0,25m DE PROFUNDIDADE E AFASTAMENTO LATERAL DO MATERIAL EXCEDENTE. | E38: M² | F38: 50 | G38: 16.9 | H38: =G38*(1+$G$2) -> 20.98642 | I38: 1122.5 | J38: =I38/$H$97 -> 0.0031985423
A39: 4.2 | B39: 03.05.03 | C39: SUDECAP | D39: ESCAVAÇÃO E CARGA MECANIZADA COM RETROESCAVADEIRA EM MATERIAL DE 1ª CATEGORIA | E39: M³ | F39: 25 | G39: 6.09 | H39: =G39*(1+$G$2) -> 7.562562 | I39: 202.25 | J39: =I39/$H$97 -> 0.00057630751
A40: 4.3 | B40: 94975 | C40: SINAPI | D40: CONCRETO FCK = 15MPA, TRAÇO 1:3,4:3,5 (EM MASSA SECA DE CIMENTO/ AREIA MÉDIA/ BRITA 1) - PREPARO MANUAL. AF_05/2021 | E40: M³ | F40: 8.39 | G40: 581.43 | H40: =G40*(1+$G$2) -> 722.01977 | I40: 6479.26 | J40: =I40/$H$97 -> 0.018462528
A41: 4.4 | B41: ED-48298 | C41: SETOP | D41: CORTE, DOBRA E MONTAGEM DE AÇO CA 50/60, INCLUSIVE ESPAÇADOR | E41: KG | F41: 503.72 | G41: 13.76 | H41: =G41*(1+$G$2) -> 17.087168 | I41: 9208 | J41: =I41/$H$97 -> 0.02623802
A42: 4.5 | B42: AL 05.25.0453 | C42: SCO | D42: ALVENARIA DE BLOCOS DE CONCRETO (20x20x40)cm, COM ARGAMASSA DE CIMENTO E AREIA NO TRAÇO 1:6, EM PAREDES CORRIDAS DE 0,20m DE ESPESSURA, DE 3m a 4,50m DE ALTURA, E MEDIDA PELA ÁREA REAL. | E42: M² | F42: 33 | G42: 171.81 | H42: =G42*(1+$G$2) -> 213.35366 | I42: 7530.6 | J42: =I42/$H$97 -> 0.021458301
A43: 4.6 | B43: 160505 | C43: SBC | D43: IMPERMEABILIZACAO COM ARGAMASSA SINTETICA SIKA TOP 107 | E43: M² | F43: 72.6 | G43: 85.06 | H43: =G43*(1+$G$2) -> 105.62751 | I43: 8202.35 | J43: =I43/$H$97 -> 0.02337244
A44: 4.7 | B44: 46.04.030 | C44: CPOS/CDHU | D44: TUBO DE PVC RÍGIDO TIPO PBA CLASSE 15, DN= 100MM, (DE= 110MM), INCLUSIVE CONEXÕES | E44: M | F44: 12 | G44: 117.32 | H44: =G44*(1+$H$2) -> 128.88775 | I44: 1546.68 | J44: =I44/$H$97 -> 0.0044072351
A45: 4.8 | B45: 053301 | C45: SBC | D45: TUBO PVC ESGOTO COM ANEL DE BORRACHA 100mm | E45: M | F45: 6 | G45: 32.29 | H45: =G45*(1+$H$2) -> 35.473794 | I45: 212.82 | J45: =I45/$H$97 -> 0.00060642652
A46: 4.9 | B46: 0903845 | C46: SICRO3 | D46: LASTRO DE BRITA COMERCIAL - ESPALHAMENTO MECÂNICO | E46: M³ | F46: 15.75 | G46: 172.9 | H46: =G46*(1+$G$2) -> 214.70722 | I46: 3616.99 | J46: =I46/$H$97 -> 0.010306544
A47: 4.10 | B47: 030204 | C47: IOPES | D47: LASTRO DE AREIA | E47: M³ | F47: 4.5 | G47: 243.68 | H47: =G47*(1+$G$2) -> 302.60182 | I47: 1456.47 | J47: =I47/$H$97 -> 0.0041501834
A48: 4.11 | B48: 16.08.060 | C48: FDE | D48: CD-01 CAIXA DE DISTRIBUICAO /2 CAMARAS | E48: UN | F48: 1 | G48: 728.93 | H48: =G48*(1+$G$2) -> 905.18527 | I48: =F48*H48 -> 905.18527 | J48: =I48/$H$97 -> 0.0025793081
A49: 4.12 | B49: MATED-11315 | C49: SETOP | D49: TIJOLO CERÂMICO MACIÇO (TIPO: COMUM|COMPRIMENTO: 200MM*|LARGURA: 100MM*|ALTURA: 50MM*)*VALORES REFERENCIAIS APROXIMADOS | E49: UN | F49: 2250 | G49: 1.1 | H49: =G49*(1+$G$2) -> 1.36598 | I49: 3285 | J49: =I49/$H$97 -> 0.0093605447
A50: 4.13 | B50: ED-48331 | C50: SETOP | D50: PLACA DE CONCRETO ARMADO D = 5 CM, PRÉ MOLDADA | E50: M² | F50: 2 | G50: 234.07 | H50: =G50*(1+$G$2) -> 290.66813 | I50: =F50*H50 -> 581.33625 | J50: =I50/$H$97 -> 0.0016565065
A51: 4.14 | B51: IT 10.30.0074 | C51: SCO | D51: REGISTRO DE GAVETA, EM BRONZE, COM DIÂMETRO DE 4". FORNECIMENTO E INSTALAÇÃO. | E51: UN | F51: 3 | G51: 1367.77 | H51: =G51*(1+$H$2) -> 1502.6321 | I51: 4507.89 | J51: =I51/$H$97 -> 0.012845146
A52: 5 | D52: ESTAÇÃO ELEVATÓRIA - P = 3,5 CV | I52: 16959.01 | J52: =I52/$H$97 -> 0.048324375
A53: 5.1 | B53: 46.04.020 | C53: CPOS/CDHU | D53: TUBO DE PVC RÍGIDO TIPO PBA CLASSE 15, DN= 75MM, (DE= 85MM), INCLUSIVE CONEXÕES | E53: M | F53: 18 | G53: 70.35 | H53: =G53*(1+$H$2) -> 77.28651 | I53: 1391.22 | J53: =I53/$H$97 -> 0.0039642548
A54: 5.2 | B54: =Cotação!A13 -> COT-02 | C54: COTAÇÃO | D54: MOTO-BOMBA SUBMERSÍVEL AUTOESCOVANTE PARA ESGOTO, P=4,0 CV, TRIFÁSICO | E54: UN | F54: 2 | G54: 4521.58 | H54: =G54*(1+$H$2) -> 4967.4078 | I54: =F54*H54 -> 9934.8156 | J54: =I54/$H$97 -> 0.028309067
A55: 5.3 | B55: 170867 | C55: SEDOP | D55: QUADRO DE COMANDO - PROTEÇÃO TRIFÁSICO - 4,0 CV | E55: UN | F55: 1 | G55: 2632.48 | H55: =G55*(1+$H$2) -> 2892.0425 | I55: =F55*H55 -> 2892.0425 | J55: =I55/$H$97 -> 0.0082408199
A56: 5.4 | B56: 106263 | C56: SINAPI | D56: INSTALAÇÃO DE QUADRO ELÉTRICO PARA 2 BOMBAS TRIFÁSICAS ATÉ 25 CV CADA (NÃO INCLUI O FORNECIMENTO DO QUADRO). AF_11/2025 | E56: UN | F56: 1 | G56: 190.7 | H56: =G56*(1+$G$2) -> 236.81126 | I56: =F56*H56 -> 236.81126 | J56: =I56/$H$97 -> 0.00067478916
A57: 5.5 | B57: ED-49982 | C57: SETOP | D57: REGISTRO DE GAVETA, TIPO BRUTO, ROSCÁVEL 2.1/2" (PARA TUBO SOLDÁVEL OU PPR DN 75MM/CPVC DN 73MM), INCLUSIVE VOLANTE PARA ACIONAMENTO | E57: UN | F57: 2 | G57: 453.6 | H57: =G57*(1+$H$2) -> 498.32496 | I57: 996.64 | J57: =I57/$H$97 -> 0.0028399066
A58: 5.6 | B58: 08.14.030 | C58: FDE | D58: VALVULA DE RETENCAO VERTICAL DE BRONZE DE 2.1/2" | E58: UN | F58: 2 | G58: 481.57 | H58: =G58*(1+$H$2) -> 529.0528 | I58: 1058.1 | J58: =I58/$H$97 -> 0.0030150357
A59: 6 | D59: URBANIZAÇÃO - A = 300 m² | I59: 52013.84 | J59: =I59/$H$97 -> 0.14821244
A60: 6.1 | B60: 090432 | C60: SBC | D60: CERCA COM MOURAO CONCRETO INCL.BALDRAME,ALTURA 2,8m TELA 12 | E60: M | F60: 66 | G60: 322.56 | H60: =G60*(1+$G$2) -> 400.55501 | I60: 28275.72 | J60: =I60/$H$97 -> 0.080571124
A61: 6.2 | B61: 2237 | C61: ORSE | D61: PAVIMENTAÇÃO COM BRITA GRANÍTICA Nº 0, ESPALHADA, E= 5,0 CM | E61: M² | F61: 50 | G61: 15.96 | H61: =G61*(1+$G$2) -> 19.819128 | I61: 1060 | J61: =I61/$H$97 -> 0.0030204497
A62: 6.3 | B62: 12135 | C62: ORSE | D62: GRAMA BATATAIS EM PLACAS, FORNECIMENTO E PLANTIO | E62: M² | F62: 30 | G62: 31.76 | H62: =G62*(1+$G$2) -> 39.439568 | I62: 1265.4 | J62: =I62/$H$97 -> 0.0036057331
A63: 6.4 | B63: 94992 | C63: SINAPI | D63: EXECUÇÃO DE PASSEIO (CALÇADA) OU PISO DE CONCRETO COM CONCRETO MOLDADO IN LOCO, FEITO EM OBRA, ACABAMENTO CONVENCIONAL, ESPESSURA 6 CM, ARMADO. AF_08/2022 | E63: M² | F63: 50 | G63: 85.88 | H63: =G63*(1+$G$2) -> 106.64578 | I63: 5703.5 | J63: =I63/$H$97 -> 0.016252014
A64: 6.5 | B64: 102989 | C64: SINAPI | D64: CANALETA MEIA CANA PRÉ-MOLDADA DE CONCRETO (D = 20 CM) - FORNECIMENTO E INSTALAÇÃO. AF_05/2025 | E64: M | F64: 50 | G64: 56.21 | H64: =G64*(1+$G$2) -> 69.801578 | I64: 3733 | J64: =I64/$H$97 -> 0.010637112
A65: 6.6 | B65: ED-31800 | C65: SETOP | D65: PORTÃO EM TELA QUADRICULADA ONDULADA, DIMENSÃO (100X180)CM, COM MALHA DE 15,88MM (5/8"), FIO 12 (2,77MM) COM QUADRO EM TUBO METALON (50X30)MM E CANTONEIRA METÁLICA 1"X1/8", INCLUSIVE FORNECIMENTO, INSTALAÇÃO, MARCO METÁLICO, CADEADO E PINTURA ESMALTE SINTÉTICO, DUAS (2) DEMÃOS COM UMA (1) DEMÃO DE FUNDO ANTICORROSIVO | E65: UN | F65: 1 | G65: 1258.5 | H65: =G65*(1+$G$2) -> 1562.8053 | I65: =F65*H65 -> 1562.8053 | J65: =I65/$H$97 -> 0.0044531838
A66: 6.7 | B66: COT-03 | C66: COTAÇÃO | D66: PORTÃO DE TELA COM REQUADRO DE METALON 3,00 X 1,80 M | E66: UN | F66: 1 | G66: - | H66: =Cotação!G18 -> 2100 | I66: =F66*H66 -> 2100 | J66: =I66/$H$97 -> 0.0059839099
A67: 6.8 | B67: 021402 | C67: SBC | D67: CAIXA DE PASSAGEM 1,0x1,0x1,0m CONCRETO FCK 150Kgf/cm2 | E67: UN | F67: 2 | G67: 3088.65 | H67: =G67*(1+$G$2) -> 3835.4856 | I67: 8204.68 | J67: =I67/$H$97 -> 0.023379079
A68: 7 | D68: CASA DE APOIO À OPERAÇÃO - A=15,00M² | I68: 58118.9 | J68: =I68/$H$97 -> 0.1656087
A69: 7.1 | B69: 03.05.03 | C69: SUDECAP | D69: ESCAVAÇÃO E CARGA MECANIZADA COM RETROESCAVADEIRA EM MATERIAL DE 1ª CATEGORIA | E69: M³ | F69: 2.28 | G69: 6.09 | H69: =G69*(1+$G$2) -> 7.562562 | I69: 18.45 | J69: =I69/$H$97 -> 5.2572922e-05
A70: 7.2 | B70: 40.32.22 | C70: SUDECAP | D70: REGULARIZACAO E COMPACTACAO MANUAL DE TERRENO | E70: M² | F70: 20 | G70: 5.79 | H70: =G70*(1+$G$2) -> 7.190022 | I70: 153.8 | J70: =I70/$H$97 -> 0.00043825016
A71: 7.3 | B71: 96534 | C71: SINAPI | D71: FABRICAÇÃO, MONTAGEM E DESMONTAGEM DE FÔRMA PARA BLOCO DE COROAMENTO, EM MADEIRA SERRADA, E=25 MM, 4 UTILIZAÇÕES. AF_01/2024 | E71: M² | F71: 11.4 | G71: 82.17 | H71: =G71*(1+$G$2) -> 102.03871 | I71: 1244.2 | J71: =I71/$H$97 -> 0.0035453241
A72: 7.4 | B72: 040202 | C72: IOPES | D72: FORNECIMENTO, PREPARO E APLICAÇÃO DE CONCRETO CICLÓPICO FCK= 15MPA COM 30% DE PEDRA DE MÃO | E72: M³ | F72: 2.28 | G72: 748.11 | H72: =G72*(1+$G$2) -> 929.003 | I72: =F72*H72 -> 2118.1268 | J72: =I72/$H$97 -> 0.0060355619
A73: 7.5 | B73: 170205 | C73: SBC | D73: CONTRAPISO EM CONCRETO MAGRO TRACO 1:3:5 5CM | E73: M² | F73: 15 | G73: 48.79 | H73: =G73*(1+$G$2) -> 60.587422 | I73: 972 | J73: =I73/$H$97 -> 0.0027696954
A74: 7.6 | B74: 12.003.0115-0 | C74: EMOP | D74: ALVENARIA DE TIJOLOS CERAMICOS FURADOS 10X20X30CM,COMPLEMENT ADA COM 6% DE TIJOLOS DE 10X20X20CM,ASSENTES COM ARGAMASSA D E CIMENTO E SAIBRO,NO TRACO 1:8,EM PAREDES DE MEIA VEZ(0,10M ) DE SUPERFICIE CORRIDA,ATE 3,00M DE ALTURA E MEDIDA PELA AR EA REAL 3%-DESGASTE DE FERRAMENTAS E EPI | E74: M² | F74: 53.2 | G74: 58.56 | H74: =G74*(1+$G$2) -> 72.719808 | I74: 4137.9 | J74: =I74/$H$97 -> 0.011790867
A75: 7.7 | B75: 160010 | C75: SBC | D75: CHAPISCO GROSSO CIMENTO E AREIA TRACO 1:3 | E75: M² | F75: 106.4 | G75: 12.18 | H75: =G75*(1+$G$2) -> 15.125124 | I75: 1721.55 | J75: =I75/$H$97 -> 0.0049055238
A76: 7.8 | B76: 120029 | C76: SBC | D76: REBOCO IMPERMEAVEL PAREDES-CIMENTO E AREIA FINA TRACO 1:4 | E76: M² | F76: 106.4 | G76: 13.63 | H76: =G76*(1+$G$2) -> 16.925734 | I76: 1925.84 | J76: =I76/$H$97 -> 0.0054876443
A77: 7.9 | B77: 06.12.44 | C77: SUDECAP | D77: LAJE PRÉ-MOLDADA TRELIÇADA, SOBRECARGA 300KGF/M2, TRELIÇA TR08, VÃO ATÉ 4 METROS, INCLUSIVE CAPEAMENTO E=4CM. ESPESSURA TOTAL DA LAJE=12CM | E77: M² | F77: 15 | G77: 163.74 | H77: =G77*(1+$G$2) -> 203.33233 | I77: 3626.2 | J77: =I77/$H$97 -> 0.010332788
A78: 7.10 | B78: 08.14.101 | C78: FDE | D78: CAIXA DÁGUA CÔNICA POLIETILENO CAPACIDADE DE 500L INCLUSIVE TAMPA | E78: UN | F78: 1 | G78: 521.48 | H78: =G78*(1+$G$2) -> 647.57386 | I78: =F78*H78 -> 647.57386 | J78: =I78/$H$97 -> 0.0018452494
A79: 7.11 | B79: 44.06.200 | C79: CPOS/CDHU | D79: TANQUE EM AÇO INOXIDÁVEL | E79: UN | F79: 1 | G79: 1340.9 | H79: =G79*(1+$G$2) -> 1665.1296 | I79: =F79*H79 -> 1665.1296 | J79: =I79/$H$97 -> 0.004744755
A80: 7.12 | B80: 190196 | C80: SBC | D80: LAVATORIO SUSPENSO ECO 40C30CM CELITE COM METAIS | E80: UN | F80: 1 | G80: 713.24 | H80: =G80*(1+$G$2) -> 885.70143 | I80: =F80*H80 -> 885.70143 | J80: =I80/$H$97 -> 0.0025237893
A81: 7.13 | B81: 190535 | C81: SBC | D81: CHUVEIRO ELETRICO/ DUCHA FASHION BRANCA - LORENZETTI | E81: UN | F81: 1 | G81: 166.53 | H81: =G81*(1+$G$2) -> 206.79695 | I81: =F81*H81 -> 206.79695 | J81: =I81/$H$97 -> 0.00058926397
A82: 7.14 | B82: 190236 | C82: SBC | D82: VASO SANITARIO CONVENCIONAL ECO PLUS - CELITE | E82: UN | F82: 1 | G82: 684.97 | H82: =G82*(1+$G$2) -> 850.59575 | I82: =F82*H82 -> 850.59575 | J82: =I82/$H$97 -> 0.0024237563
A83: 7.15 | B83: 190607 | C83: SBC | D83: PIA DE APOIO TRAMONTINA STRATTA 2C INOX IN+METAIS 1,20x50cm | E83: UN | F83: 1 | G83: 1869.13 | H83: =G83*(1+$G$2) -> 2321.0856 | I83: =F83*H83 -> 2321.0856 | J83: =I83/$H$97 -> 0.0066138892
A84: 7.16 | B84: ED-20592 | C84: SETOP | D84: ENTRADA DE ENERGIA SUBTERRÂNEA, TIPO F4, PADRÃO CEMIG, CARGA INSTALADA DE 114,1KVA ATÉ 152KVA, TRIFÁSICO, COM SAÍDA SUBTERRÂNEA, INCLUSIVE POSTE, CAIXA PARA MEDIDOR, DISJUNTOR, BARRAMENTO, ATERRAMENTO E ACESSÓRIOS | E84: UN | F84: 1 | G84: 11656.09 | H84: =G84*(1+$G$2) -> 14474.533 | I84: =F84*H84 -> 14474.533 | J84: =I84/$H$97 -> 0.041244904
A85: 7.17 | B85: ED-50916 | C85: SETOP | D85: PORTA METÁLICA 80 X 210 CM , INCLUINDO FECHADURA TIPO EXTERNA E FERRAGENS, CONFORME DETALHE PADRÃO ESCOLAR 4/98 VERSÃO 2005 | E85: UN | F85: 1 | G85: 728.58 | H85: =G85*(1+$G$2) -> 904.75064 | I85: =F85*H85 -> 904.75064 | J85: =I85/$H$97 -> 0.0025780697
A86: 7.18 | B86: ED-50971 | C86: SETOP | D86: PORTA METÁLICA EM CHAPA DOBRADA, DIMENSÃO (60X210)CM, TIPO DE ABRIR, UMA (1) FOLHA, INCLUSIVE ESTRUTURA, DOBRADIÇA E MARCO, EXCLUSIVE FECHADURA E PINTURA | E86: UN | F86: 1 | G86: 514.36 | H86: =G86*(1+$G$2) -> 638.73225 | I86: =F86*H86 -> 638.73225 | J86: =I86/$H$97 -> 0.0018200553
A87: 7.19 | B87: ED-50954 | C87: SETOP | D87: FORNECIMENTO DE JANELA BASCULANTE DE FERRO, INCLUSIVE ASSENTAMENTO, FERRAGENS E ACESSÓRIOS | E87: M² | F87: 3.12 | G87: 479.39 | H87: =G87*(1+$G$2) -> 595.3065 | I87: 1986.6 | J87: =I87/$H$97 -> 0.0056607787
A88: 7.20 | B88: ED-48407 | C88: SETOP | D88: ENGRADAMENTO EM MADEIRA PARAJU OU EQUIVALENTE, PARA TELHAS CERÂMICAS OU DE CONCRETO, EXCLUSIVE TELHAS | E88: M² | F88: 28.16 | G88: 110.77 | H88: =G88*(1+$G$2) -> 137.55419 | I88: 4142.9 | J88: =I88/$H$97 -> 0.011805114
A89: 7.21 | B89: ED-48421 | C89: SETOP | D89: COBERTURA EM TELHA CERÂMICA, TIPO COLONIAL, INCLUSIVE FIXAÇÃO, EXCLUSIVE ENGRADAMENTO E MANTA ISOLANTE/TÉRMICA | E89: M² | F89: 28.16 | G89: 134.11 | H89: =G89*(1+$G$2) -> 166.5378 | I89: 5015.86 | J89: =I89/$H$97 -> 0.014292597
A90: 7.22 | B90: ED-51156 | C90: SETOP | D90: VIDRO COMUM TRANSPARENTE INCOLOR, ESP. 4MM, INCLUSIVE FIXAÇÃO E VEDAÇÃO COM GUARNIÇÃO/GAXETA DE BORRACHA NEOPRENE, FORNECIMENTO E INSTALAÇÃO, EXCLUSIVE CAIXILHO/PERFIL | E90: M² | F90: 3.12 | G90: 208.57 | H90: =G90*(1+$G$2) -> 259.00223 | I90: 864.3 | J90: =I90/$H$97 -> 0.0024628063
A91: 7.23 | B91: 88485 | C91: SINAPI | D91: FUNDO SELADOR ACRÍLICO, APLICAÇÃO MANUAL EM PAREDE, UMA DEMÃO. AF_04/2023 | E91: M² | F91: 106.4 | G91: 4.87 | H91: =G91*(1+$G$2) -> 6.047566 | I91: 688.41 | J91: =I91/$H$97 -> 0.0019616111
A92: 7.24 | B92: ED-50502 | C92: SETOP | D92: PINTURA LÁTEX (PVA) EM PAREDE, DUAS (2) DEMÃOS, COM APLICAÇÃO MANUAL, INCLUSIVE UMA (1) DEMÃO DE MASSA CORRIDA (PVA), EXCLUSIVE SELADOR ACRÍLICO | E92: M² | F92: 106.4 | G92: 31.68 | H92: =G92*(1+$G$2) -> 39.340224 | I92: 4477.31 | J92: =I92/$H$97 -> 0.012758009
A93: 7.25 | B93: 100757 | C93: SINAPI | D93: PINTURA COM TINTA ALQUÍDICA DE ACABAMENTO (ESMALTE SINTÉTICO ACETINADO) PULVERIZADA SOBRE SUPERFÍCIES METÁLICAS (EXCETO PERFIL) EXECUTADO EM OBRA (02 DEMÃOS). AF_01/2020_PE | E93: M² | F93: 13.59 | G93: 59.56 | H93: =G93*(1+$G$2) -> 73.961608 | I93: 1075.1 | J93: =I93/$H$97 -> 0.0030634769
A94: 8 | D94: ADMINISTRAÇÃO LOCAL DA OBRA | I94: =SUM(I95) -> 22958.765 | J94: =I94/$H$97 -> 0.065420561
A95: 8.1 | B95: TCU | C95: - | D95: ADMINISTRAÇÃO LOCAL | E95: % | F95: 7 | H95: =I6+I13+I25+I37+I52+I59+I68 -> 327982.35 | I95: =H95*7% -> 22958.765 | J95: =I95/$H$97 -> 0.065420561
F97: Total Geral | H97: =I6+I13+I25+I37+I52+I59+I68+I94 -> 350941.11
A101: __________________________________________________ Kelton José Amaral Nascimento Engenheiro Civil CREA-MG 336807/D

Sheet Memória
C1: OBRA | E1: BANCOS | F1: B.D.I. - ESGOTO | G1: B.D.I - AQUISIÇÃO DE EQUIPAMENTOS E MATERIAIS | H1: ENCARGOS SOCIAIS:
C2: CONSTRUÇÃO DA ESTAÇÃO DE TRATAMENTO DE ESGOTO - ETE CONSTRUÇÃO CIVIL | E2: SINAPI - 03/2026 - Minas Gerais SBC - 03/2026 - Minas Gerais SICRO3 - 10/2025 - Minas Gerais ORSE - 01/2026 - Sergipe SETOP - 01/2026 - Minas Gerais IOPES - 12/2025 - Espírito Santo SIURB - 07/2025 - São Paulo SIURB INFRA - 07/2025 - São Paulo SUDECAP - 10/2025 - Minas Gerais CPOS/CDHU - 01/2026 - São Paulo FDE - 01/2026 - São Paulo AGETOP CIVIL - 06/2025 - Goiás AGETOP RODOVIARIA - 06/2025 - Goiás EMBASA - 06/2025 - sem_encargos EMOP - 02/2026 - Rio de Janeiro SCO - 01/2026 - Rio de Janeiro | F2: 0.2418 | G2: 0.0986 | H2: DESONERADO: EMBUTIDO NOS PREÇOS UNITÁRIOS DOS INSUMOS DE MÃO DE OBRA, DE ACORDO COM AS BASES.
A4: MEMÓRIA DE CÁLCULO
A5: ITEM | B5: CÓDIGO | C5: BANCO | D5: DESCRIÇÃO | E5: UNID | F5: QUANTIDADE | G5: MEMÓRIA
A6: 1 | D6: SERVIÇOS PRELIMINARES
A7: 1.1 | B7: ED-28427 | C7: SETOP | D7: FORNECIMENTO E COLOCAÇÃO DE PLACA DE OBRA EM CHAPA GALVANIZADA #26, ESP. 0,45MM, DIMENSÃO (3X1,5)M, PLOTADA COM ADESIVO VINÍLICO, AFIXADA COM REBITES 4,8X40MM, EM ESTRUTURA METÁLICA DE METALON 20X20MM, ESP. 1,25MM, INCLUSIVE SUPORTE EM EUCALIPTO AUTOCLAVADO PINTADO COM TINTA PVA DUAS (2) DEMÃOS | E7: UN | F7: 1 | G7: 1,00 unidade
A8: 1.2 | B8: 021101 | C8: SBC | D8: MOBILIZACAO/DESMOBILIZACAO DE EQUIP. E MO | E8: UN | F8: 1 | G8: 1,00 unidade
A9: 1.3 | B9: 16.30.013 | C9: FDE | D9: CANTEIRO DE OBRAS - LARG 3,30M | E9: m² | F9: 16 | G9: área: 16,00 m²
A10: 1.4 | B10: CO-27431 | C10: SETOP | D10: PROJETO EXECUTIVO DE INSTALAÇÕES ELÉTRICAS | E10: PR A1 | F10: 1 | G10: 1,00 unidade
A11: 1.5 | B11: CO-27430 | C11: SETOP | D11: PROJETO EXECUTIVO DE INSTALAÇÕES HIDROSSANITÁRIAS | E11: PR A1 | F11: 2 | G11: 2,00 unidades
A12: 1.6 | B12: CO-27427 | C12: SETOP | D12: PROJETO EXECUTIVO DE ESTRUTURA DE CONCRETO | E12: PR A1 | F12: 1 | G12: 1,00 unidade
A13: 2 | D13: TRATAMENTO PRELIMINAR / POÇO DE SUCÇÃO
A14: 2.1 | B14: 03.05.03 | C14: SUDECAP | D14: ESCAVAÇÃO E CARGA MECANIZADA COM RETROESCAVADEIRA EM MATERIAL DE 1ª CATEGORIA | E14: M³ | F14: 10 | G14: volume: 10,00 m³
A15: 2.2 | B15: ED-49613 | C15: SETOP | D15: FORNECIMENTO DE CONCRETO NÃO ESTRUTURAL, PREPARADO EM OBRA COM BETONEIRA, COM FCK 9MPA, INCLUSIVE LANÇAMENTO, ADENSAMENTO E ACABAMENTO | E15: M³ | F15: 0.1 | G15: volume: 0,10 m³
A16: 2.3 | B16: 94964 | C16: SINAPI | D16: CONCRETO FCK = 20MPA, TRAÇO 1:2,7:3 (EM MASSA SECA DE CIMENTO/ AREIA MÉDIA/ BRITA 1) - PREPARO MECÂNICO COM BETONEIRA 400 L. AF_05/2021 | E16: M³ | F16: 2.72 | G16: volume: 2,72m³
A17: 2.4 | B17: 96534 | C17: SINAPI | D17: FABRICAÇÃO, MONTAGEM E DESMONTAGEM DE FÔRMA PARA BLOCO DE COROAMENTO, EM MADEIRA SERRADA, E=25 MM, 4 UTILIZAÇÕES. AF_01/2024 | E17: M² | F17: 20 | G17: área: 20,00 m²
A18: 2.5 | B18: ED-48298 | C18: SETOP | D18: CORTE, DOBRA E MONTAGEM DE AÇO CA 50/60, INCLUSIVE ESPAÇADOR | E18: KG | F18: 163 | G18: peso: 163,00 kg
A19: 2.6 | B19: 4008000 | C19: SIURB INFRA | D19: REATERRO COMPACTADO DE FUNDAÇÃO | E19: M³ | F19: 28.7 | G19: volume: 28,70 m³
A20: 2.7 | B20: 053051 | C20: SBC | D20: TUBO PVC ESGOTO 150mm | E20: M | F20: 24 | G20: extensão: 24,00 m
A21: 2.8 | B21: M119900151 | C21: EMBASA | D21: VERTEDOR SUTRO EM PRFV 650X800MM | E21: UN | F21: 1 | G21: quantidade: 1,00 unidade
A22: 2.9 | B22: 11095 | C22: ORSE | D22: FORNECIMENTO DE COMPORTA TIPO STOP-LOG TIPO ALTO EM FIBRA DE VIDRO, LARGURA ÚTIL 200mm E ALTURA DE 400mm COM GAVETA MOVEDIÇA EM FIBRA DE VIDRO ESP.= 10mm, COM ACIONAMENTO MANUAL POR MANETE NA PRÓPRIA GAVETA | E22: UN | F22: 2 | G22: quantidade: 2,00 unidades
A23: 2.10 | B23: 10.04.43 | C23: EMBASA | D23: FORNEC. E ASSENT. DE TAMPA METALICA EM CHAPA DE ACO XADREZ COM SUPORTE PARA TRAFEGO | E23: M² | F23: 5.4 | G23: área: 5,40 m²
A24: 2.11 | B24: =Cotação!A23 -> COT-04 | C24: COTAÇÃO | D24: GRADE DE BARRAS METÁLICAS - E= 1,0CM | E24: UN | F24: 1 | G24: quantidade: 1,00 unidade
A25: 3 | D25: BASE DE CONCRETO DO REATOR INCLUSIVE REGISTROS E CONEXÕES
A26: 3.1 | B26: 03.05.03 | C26: SUDECAP | D26: ESCAVAÇÃO E CARGA MECANIZADA COM RETROESCAVADEIRA EM MATERIAL DE 1ª CATEGORIA | E26: M³ | F26: 10.7 | G26: volume: 10,70 m³
A27: 3.2 | B27: ED-49613 | C27: SETOP | D27: FORNECIMENTO DE CONCRETO NÃO ESTRUTURAL, PREPARADO EM OBRA COM BETONEIRA, COM FCK 9MPA, INCLUSIVE LANÇAMENTO, ADENSAMENTO E ACABAMENTO | E27: M³ | F27: 1.18 | G27: volume: 1,18 m³
A28: 3.3 | B28: 94964 | C28: SINAPI | D28: CONCRETO FCK = 20MPA, TRAÇO 1:2,7:3 (EM MASSA SECA DE CIMENTO/ AREIA MÉDIA/ BRITA 1) - PREPARO MECÂNICO COM BETONEIRA 400 L. AF_05/2021 | E28: M³ | F28: 9.41 | G28: volume: 9,41 m³
A29: 3.4 | B29: 96534 | C29: SINAPI | D29: FABRICAÇÃO, MONTAGEM E DESMONTAGEM DE FÔRMA PARA BLOCO DE COROAMENTO, EM MADEIRA SERRADA, E=25 MM, 4 UTILIZAÇÕES. AF_01/2024 | E29: M² | F29: 6 | G29: área: 6,00 m²
A30: 3.5 | B30: ED-48298 | C30: SETOP | D30: CORTE, DOBRA E MONTAGEM DE AÇO CA 50/60, INCLUSIVE ESPAÇADOR | E30: KG | F30: 640.5 | G30: peso: 640,50 kg
A31: 3.6 | B31: 031301 | C31: SBC | D31: ESTACA METÁLICA CRAVADA PERFIL H 10"" | E31: M | F31: 60 | G31: extensão: 60,00 m
A32: 3.7 | B32: 053051 | C32: SBC | D32: TUBO PVC ESGOTO 150mm | E32: M | F32: 36 | G32: extensão: 36,00 m
A33: 3.8 | B33: 017041 | C33: SBC | D33: BOTA FORA ENTULHO (CARGA E DESCARGA/ MOM.TRANSPORTE 12.5KM. | E33: M³ | F33: 13.91 | G33: volume: 13,91 m³
A34: 3.9 | B34: 12949 | C34: ORSE | D34: FORNECIMENTO E MONTAGEM DE MEDIDOR DE VAZÃO DO TIPO CALHA PARSHALL GARGANTA W3, EM FIBRA DE VIDRO | E34: UN | F34: 2 | G34: quantidade: 2,00 unidades
A35: 3.10 | B35: ED-49986 | C35: SETOP | D35: REGISTRO DE GAVETA, TIPO BRUTO, ROSCÁVEL 4" (PARA TUBO SOLDÁVEL OU PPR DN 110MM/CPVC DN 114MM), INCLUSIVE VOLANTE PARA ACIONAMENTO | E35: UN | F35: 3 | G35: quantidade: 3,00 unidades
A36: 3.11 | B36: ED-49980 | C36: SETOP | D36: REGISTRO DE GAVETA, TIPO BRUTO, ROSCÁVEL 2" (PARA TUBO SOLDÁVEL OU PPR DN 60MM/CPVC DN 54MM), INCLUSIVE VOLANTE PARA ACIONAMENTO | E36: UN | F36: 4 | G36: quantidade: 4,00 unidades
A37: 4 | D37: LEITO DE SECAGEM - A = 45 m²
A38: 4.1 | B38: SE 20.05.0200 | C38: SCO | D38: PREPARO MANUAL DE TERRENO, COMPREENDENDO ACERTO, RASPAGEM EVENTUALMENTO ATÉ 0,25m DE PROFUNDIDADE E AFASTAMENTO LATERAL DO MATERIAL EXCEDENTE. | E38: M² | F38: 50 | G38: área: 50,00 m²
A39: 4.2 | B39: 03.05.03 | C39: SUDECAP | D39: ESCAVAÇÃO E CARGA MECANIZADA COM RETROESCAVADEIRA EM MATERIAL DE 1ª CATEGORIA | E39: M³ | F39: 25 | G39: volume: 25,00 m³
A40: 4.3 | B40: 94975 | C40: SINAPI | D40: CONCRETO FCK = 15MPA, TRAÇO 1:3,4:3,5 (EM MASSA SECA DE CIMENTO/ AREIA MÉDIA/ BRITA 1) - PREPARO MANUAL. AF_05/2021 | E40: M³ | F40: 8.39 | G40: volume: 8,39 m³
A41: 4.4 | B41: ED-48298 | C41: SETOP | D41: CORTE, DOBRA E MONTAGEM DE AÇO CA 50/60, INCLUSIVE ESPAÇADOR | E41: KG | F41: 503.72 | G41: peso: 503,72 kg
A42: 4.5 | B42: AL 05.25.0453 | C42: SCO | D42: ALVENARIA DE BLOCOS DE CONCRETO (20x20x40)cm, COM ARGAMASSA DE CIMENTO E AREIA NO TRAÇO 1:6, EM PAREDES CORRIDAS DE 0,20m DE ESPESSURA, DE 3m a 4,50m DE ALTURA, E MEDIDA PELA ÁREA REAL. | E42: M² | F42: 33 | G42: área: 33,00 m²
A43: 4.6 | B43: 160505 | C43: SBC | D43: IMPERMEABILIZACAO COM ARGAMASSA SINTETICA SIKA TOP 107 | E43: M² | F43: 72.6 | G43: área: 72,60 m²
A44: 4.7 | B44: 46.04.030 | C44: CPOS/CDHU | D44: TUBO DE PVC RÍGIDO TIPO PBA CLASSE 15, DN= 100MM, (DE= 110MM), INCLUSIVE CONEXÕES | E44: M | F44: 12 | G44: extensão: 12,00 m
A45: 4.8 | B45: 053301 | C45: SBC | D45: TUBO PVC ESGOTO COM ANEL DE BORRACHA 100mm | E45: M | F45: 6 | G45: extensão: 6,00 m
A46: 4.9 | B46: 0903845 | C46: SICRO3 | D46: LASTRO DE BRITA COMERCIAL - ESPALHAMENTO MECÂNICO | E46: M³ | F46: 15.75 | G46: volume: 15,75 m³
A47: 4.10 | B47: 030204 | C47: IOPES | D47: LASTRO DE AREIA | E47: M³ | F47: 4.5 | G47: volume: 4,50 m³
A48: 4.11 | B48: 16.08.060 | C48: FDE | D48: CD-01 CAIXA DE DISTRIBUICAO /2 CAMARAS | E48: UN | F48: 1 | G48: quantidade: 1,00 unidade
A49: 4.12 | B49: MATED-11315 | C49: SETOP | D49: TIJOLO CERÂMICO MACIÇO (TIPO: COMUM|COMPRIMENTO: 200MM*|LARGURA: 100MM*|ALTURA: 50MM*)*VALORES REFERENCIAIS APROXIMADOS | E49: UN | F49: 2250 | G49: quantidade: 2.250,00 unidades
... A51: 4.14 | B51: IT 10.30.0074 | C51: SCO | D51: REGISTRO DE GAVETA, EM BRONZE, COM DIÂMETRO DE 4". FORNECIMENTO E INSTALAÇÃO. | E51: UN | F51: 3 | G51: quantidade: 3,00 unidades
A52: 5 | D52: ESTAÇÃO ELEVATÓRIA - P = 3,5 CV
A53: 5.1 | B53: 46.04.020 | C53: CPOS/CDHU | D53: TUBO DE PVC RÍGIDO TIPO PBA CLASSE 15, DN= 75MM, (DE= 85MM), INCLUSIVE CONEXÕES | E53: M | F53: 18 | G53: extensão: 18,00 m
A54: 5.2 | B54: =Cotação!A13 -> COT-02 | C54: COTAÇÃO | D54: MOTO-BOMBA SUBMERSÍVEL AUTOESCOVANTE PARA ESGOTO, P=4,0 CV, TRIFÁSICO | E54: UN | F54: 2 | G54: quantidade: 2,00 unidades
A55: 5.3 | B55: 170867 | C55: SEDOP | D55: QUADRO DE COMANDO - PROTEÇÃO TRIFÁSICO - 4,0 CV | E55: UN | F55: 1 | G55: quantidade: 1,00 unidade
A56: 5.4 | B56: 106263 | C56: SINAPI | D56: INSTALAÇÃO DE QUADRO ELÉTRICO PARA 2 BOMBAS TRIFÁSICAS ATÉ 25 CV CADA (NÃO INCLUI O FORNECIMENTO DO QUADRO). AF_11/2025 | E56: UN | F56: 1 | G56: quantidade: 1,00 unidade
A57: 5.5 | B57: ED-49982 | C57: SETOP | D57: REGISTRO DE GAVETA, TIPO BRUTO, ROSCÁVEL 2.1/2" (PARA TUBO SOLDÁVEL OU PPR DN 75MM/CPVC DN 73MM), INCLUSIVE VOLANTE PARA ACIONAMENTO | E57: UN | F57: 2 | G57: quantidade: 2,00 unidades
A58: 5.6 | B58: 08.14.030 | C58: FDE | D58: VALVULA DE RETENCAO VERTICAL DE BRONZE DE 2.1/2" | E58: UN | F58: 2 | G58: quantidade: 2,00 unidades
A59: 6 | D59: URBANIZAÇÃO - A = 300 m²
A60: 6.1 | B60: 090432 | C60: SBC | D60: CERCA COM MOURAO CONCRETO INCL.BALDRAME,ALTURA 2,8m TELA 12 | E60: M | F60: 66 | G60: extensão: 66,00 m
A61: 6.2 | B61: 2237 | C61: ORSE | D61: PAVIMENTAÇÃO COM BRITA GRANÍTICA Nº 0, ESPALHADA, E= 5,0 CM | E61: M² | F61: 50 | G61: área: 50,00 m²
A62: 6.3 | B62: 12135 | C62: ORSE | D62: GRAMA BATATAIS EM PLACAS, FORNECIMENTO E PLANTIO | E62: M² | F62: 30 | G62: área: 30,00 m²
A63: 6.4 | B63: =#REF! -> #REF! | C63: SINAPI | D63: =#REF! -> #REF! | E63: M² | F63: 50 | G63: área: 50,00 m²
A64: 6.5 | B64: 102989 | C64: SINAPI | D64: CANALETA MEIA CANA PRÉ-MOLDADA DE CONCRETO (D = 20 CM) - FORNECIMENTO E INSTALAÇÃO. AF_05/2025 | E64: M | F64: 50 | G64: extensão: 50,00 m
A65: 6.6 | B65: ED-31800 | C65: SETOP | D65: PORTÃO EM TELA QUADRICULADA ONDULADA, DIMENSÃO (100X180)CM, COM MALHA DE 15,88MM (5/8"), FIO 12 (2,77MM) COM QUADRO EM TUBO METALON (50X30)MM E CANTONEIRA METÁLICA 1"X1/8", INCLUSIVE FORNECIMENTO, INSTALAÇÃO, MARCO METÁLICO, CADEADO E PINTURA ESMALTE SINTÉTICO, DUAS (2) DEMÃOS COM UMA (1) DEMÃO DE FUNDO ANTICORROSIVO | E65: UN | F65: 1 | G65: quantidade: 1,00 unidade
A66: 6.7 | B66: COT-03 | C66: COTAÇÃO | D66: PORTÃO DE TELA COM REQUADRO DE METALON 3,00 X 1,80 M | E66: UN | F66: 1 | G66: quantidade: 1,00 unidade
A67: 6.8 | B67: 021402 | C67: SBC | D67: CAIXA DE PASSAGEM 1,0x1,0x1,0m CONCRETO FCK 150Kgf/cm2 | E67: UN | F67: 2 | G67: quantidade: 2,00 unidades
A68: 7 | D68: CASA DE APOIO À OPERAÇÃO - A=15,00M²
A69: 7.1 | B69: 03.05.03 | C69: SUDECAP | D69: ESCAVAÇÃO E CARGA MECANIZADA COM RETROESCAVADEIRA EM MATERIAL DE 1ª CATEGORIA | E69: M³ | F69: 2.28 | G69: volume: 2,28 m³
A70: 7.2 | B70: 40.32.22 | C70: SUDECAP | D70: REGULARIZACAO E COMPACTACAO MANUAL DE TERRENO | E70: M² | F70: 20 | G70: área: 20,00 m²
A71: 7.3 | B71: 96534 | C71: SINAPI | D71: FABRICAÇÃO, MONTAGEM E DESMONTAGEM DE FÔRMA PARA BLOCO DE COROAMENTO, EM MADEIRA SERRADA, E=25 MM, 4 UTILIZAÇÕES. AF_01/2024 | E71: M² | F71: 11.4 | G71: área: 11,40 m²
A72: 7.4 | B72: 040202 | C72: IOPES | D72: FORNECIMENTO, PREPARO E APLICAÇÃO DE CONCRETO CICLÓPICO FCK= 15MPA COM 30% DE PEDRA DE MÃO | E72: M³ | F72: 2.28 | G72: volume: 2,28 m³
A73: 7.5 | B73: 170205 | C73: SBC | D73: CONTRAPISO EM CONCRETO MAGRO TRACO 1:3:5 5CM | E73: M² | F73: 15 | G73: área: 15,00 m²
A74: 7.6 | B74: 12.003.0115-0 | C74: EMOP | D74: ALVENARIA DE TIJOLOS CERAMICOS FURADOS 10X20X30CM,COMPLEMENT ADA COM 6% DE TIJOLOS DE 10X20X20CM,ASSENTES COM ARGAMASSA D E CIMENTO E SAIBRO,NO TRACO 1:8,EM PAREDES DE MEIA VEZ(0,10M ) DE SUPERFICIE CORRIDA,ATE 3,00M DE ALTURA E MEDIDA PELA AR EA REAL 3%-DESGASTE DE FERRAMENTAS E EPI | E74: M² | F74: 53.2 | G74: área: 53,20 m²
A75: 7.7 | B75: 160010 | C75: SBC | D75: CHAPISCO GROSSO CIMENTO E AREIA TRACO 1:3 | E75: M² | F75: 106.4 | G75: área: 106,40 m²
A76: 7.8 | B76: 120029 | C76: SBC | D76: REBOCO IMPERMEAVEL PAREDES-CIMENTO E AREIA FINA TRACO 1:4 | E76: M² | F76: 106.4 | G76: área: 106,40 m²
A77: 7.9 | B77: 06.12.44 | C77: SUDECAP | D77: LAJE PRÉ-MOLDADA TRELIÇADA, SOBRECARGA 300KGF/M2, TRELIÇA TR08, VÃO ATÉ 4 METROS, INCLUSIVE CAPEAMENTO E=4CM. ESPESSURA TOTAL DA LAJE=12CM | E77: M² | F77: 15 | G77: área: 15,00 m²
A78: 7.10 | B78: 08.14.101 | C78: FDE | D78: CAIXA DÁGUA CÔNICA POLIETILENO CAPACIDADE DE 500L INCLUSIVE TAMPA | E78: UN | F78: 1 | G78: quantidade: 1,00 unidade
A79: 7.11 | B79: 44.06.200 | C79: CPOS/CDHU | D79: TANQUE EM AÇO INOXIDÁVEL | E79: UN | F79: 1 | G79: quantidade: 1,00 unidade
A80: 7.12 | B80: 190196 | C80: SBC | D80: LAVATORIO SUSPENSO ECO 40C30CM CELITE COM METAIS | E80: UN | F80: 1 | G80: quantidade: 1,00 unidade
... A93: 7.25 | B93: 100757 | C93: SINAPI | D93: PINTURA COM TINTA ALQUÍDICA DE ACABAMENTO (ESMALTE SINTÉTICO ACETINADO) PULVERIZADA SOBRE SUPERFÍCIES METÁLICAS (EXCETO PERFIL) EXECUTADO EM OBRA (02 DEMÃOS). AF_01/2020_PE | E93: M² | F93: 13.59 | G93: área: 13,59 m²
A94: 8 | D94: ADMINISTRAÇÃO LOCAL DA OBRA
A95: 8.1 | B95: TCU | C95: - | D95: ADMINISTRAÇÃO LOCAL | E95: % | F95: 7 | G95: acordão 2622 / tcu - médio quártil
A98: __________________________________________________ Kelton José Amaral Nascimento Engenheiro Civil CREA-MG 336807/D

Sheet Cronograma
B1: OBRA | C1: BANCOS | D1: B.D.I. - ESGOTO | E1: B.D.I - AQUISIÇÃO DE EQUIPAMENTOS E MATERIAIS | F1: ENCARGOS SOCIAIS:
B2: CONSTRUÇÃO DA ESTAÇÃO DE TRATAMENTO DE ESGOTO - ETE CONSTRUÇÃO CIVIL | C2: SINAPI - 03/2026 - Minas Gerais SBC - 03/2026 - Minas Gerais SICRO3 - 10/2025 - Minas Gerais ORSE - 01/2026 - Sergipe SETOP - 01/2026 - Minas Gerais IOPES - 12/2025 - Espírito Santo SIURB - 07/2025 - São Paulo SIURB INFRA - 07/2025 - São Paulo SUDECAP - 10/2025 - Minas Gerais CPOS/CDHU - 01/2026 - São Paulo FDE - 01/2026 - São Paulo AGETOP CIVIL - 06/2025 - Goiás AGETOP RODOVIARIA - 06/2025 - Goiás EMBASA - 06/2025 - sem_encargos EMOP - 02/2026 - Rio de Janeiro SCO - 01/2026 - Rio de Janeiro | D2: 0.2418 | E2: 0.0986 | F2: DESONERADO: EMBUTIDO NOS PREÇOS UNITÁRIOS DOS INSUMOS DE MÃO DE OBRA, DE ACORDO COM AS BASES.
A3: CRONOGRAMA FÍSICO E FINANCEIRO
A4: ITEM | B4: DESCRIÇÃO | C4: TOTAL POR ETAPA | D4: 30 DIAS | E4: 60 DIAS | F4: 90 DIAS
A5: 1 | B5: SERVIÇOS PRELIMINARES | C5: 100,00% 42.148,17 | D5: 100,00% 42.148,17 | E5: - | F5: -
A6: 2 | B6: TRATAMENTO PRELIMINAR / POÇO DE SUCÇÃO | C6: 100,00% 21.594,35 | D6: 100,00% 21.594,35 | E6: - | F6: -
A7: 3 | B7: BASE DE CONCRETO DO REATOR INCLUSIVE REGISTROS E CONEXÕES | C7: 100,00% 86.877,53 | D7: 100,00% 86.877,53 | E7: - | F7: -
A8: 4 | B8: LEITO DE SECAGEM - A = 45 m² | C8: 100,00% 50.270,55 | D8: - | E8: 100,00% 50.270,55 | F8: -
A9: 5 | B9: ESTAÇÃO ELEVATÓRIA - P = 3,5 CV | C9: 100,00% 16.959,01 | D9: - | E9: 100,00% 16.959,01 | F9: -
A10: 6 | B10: URBANIZAÇÃO - A = 300 m² | C10: 100,00% 52.013,84 | D10: - | E10: - | F10: 100,00% 52.013,84
A11: 7 | B11: CASA DE APOIO À OPERAÇÃO - A=15,00M² | C11: 100,00% 58.118,90 | D11: - | E11: 100,00% 58.118,90 | F11: -
A12: 8 | B12: ='Planilha Orçamentária'!D94 -> ADMINISTRAÇÃO LOCAL DA OBRA | C12: 100,00% 22.958,76 | D12: 33,00% 7.576,39 | E12: 33,00% 7.576,39 | F12: 34,00% 7.805,98
A14: TOTAL | D14: =42148.17+21594.35+86877.53+50270.55+16959.01+52013.84+58118.9+22958.76 -> 350941.11
A16: PORCENTAGEM | D16: =D17/D14 -> 0.45077774 | E16: =E17/D14 -> 0.37876683 | F16: =F17/D14 -> 0.17045544
A17: CUSTO | D17: =42148.17+21594.35+86877.53+7576.39 -> 158196.44 | E17: =50270.55+16959.01+58118.9+7576.39 -> 132924.85 | F17: =52013.84+7805.98 -> 59819.82
A18: PORCENTAGEM ACUMULADO | D18: =D16 -> 0.45077774 | E18: =D18+E16 -> 0.82954456 | F18: =E18+F16 -> 1
A19: CUSTO ACUMULADO | D19: =D17 -> 158196.44 | E19: =D19+E17 -> 291121.29 | F19: =E19+F17 -> 350941.11
A23: __________________________________________________ Kelton José Amaral Nascimento Engenheiro Civil CREA-MG 336807/D

Sheet Cotação
A3: LISTA DE COTAÇÕES
C5: OBRA | E5: BANCOS | F5: B.D.I. - ESGOTO | G5: B.D.I - AQUISIÇÃO DE EQUIPAMENTOS E MATERIAIS | H5: ENCARGOS SOCIAIS:
C6: CONSTRUÇÃO DA ESTAÇÃO DE TRATAMENTO DE ESGOTO - ETE CONSTRUÇÃO CIVIL | E6: SINAPI - 03/2026 - Minas Gerais SBC - 03/2026 - Minas Gerais SICRO3 - 10/2025 - Minas Gerais ORSE - 01/2026 - Sergipe SETOP - 01/2026 - Minas Gerais IOPES - 12/2025 - Espírito Santo SIURB - 07/2025 - São Paulo SIURB INFRA - 07/2025 - São Paulo SUDECAP - 10/2025 - Minas Gerais CPOS/CDHU - 01/2026 - São Paulo FDE - 01/2026 - São Paulo AGETOP CIVIL - 06/2025 - Goiás AGETOP RODOVIARIA - 06/2025 - Goiás EMBASA - 06/2025 - sem_encargos EMOP - 02/2026 - Rio de Janeiro SCO - 01/2026 - Rio de Janeiro | F6: 0.2418 | G6: 0.0986 | H6: DESONERADO: EMBUTIDO NOS PREÇOS UNITÁRIOS DOS INSUMOS DE MÃO DE OBRA, DE ACORDO COM AS BASES.
A8: LISTA DE COTAÇÕES
A10: RESUMO DAS COTAÇÕES DE MERCADO
A11: CÓDIGO | B11: DESCRIÇÃO | F11: UNIDADE | G11: MÉDIA
A13: COT-02 | B13: MOTO-BOMBA SUBMERSÍVEL AUTOESCOVANTE PARA ESGOTO, P=4,0 CV, TRIFÁSICO | F13: UNID | G13: =AVERAGE(B16:H16) -> 4521.5767
A14: EMPRESA | B14: EBARA BOMBAS AMÉRICA DO SUL | D14: BOMBA SHOPPING | G14: ARF COMÉRCIO DE BOMBAS E MÁQUINAS LTDA
A15: CNPJ | B15: 46.138.319/0007-74 | D15: 14.778.311/0001-90 | G15: 20.550.456/0004-85
A16: VALOR UNITÁRIO | B16: 5373.6 | D16: 3069.9 | G16: 5121.23
A18: COT-03 | B18: PORTÃO DE TELA COM REQUADRO DE METALON 3,00 X 1,80 M | F18: UNID | G18: =AVERAGE(B21:H21) -> 2100
A19: EMPRESA | B19: JA SOLDAS E EMPREENDIMENTOS | D19: - | G19: -
A20: CNPJ | B20: 60.419.415/0001-26 | D20: - | G20: -
A21: VALOR UNITÁRIO | B21: 2100 | D21: - | G21: -
A23: COT-04 | B23: GRADE DE BARRAS METÁLICAS - E= 1,0CM | F23: UNID | G23: =AVERAGE(B26:H26) -> 450
A24: EMPRESA | B24: JA SOLDAS E EMPREENDIMENTOS | D24: - | G24: -
A25: CNPJ | B25: 60.419.415/0001-26 | D25: - | G25: -
A26: VALOR UNITÁRIO | B26: 450 | D26: - | G26: -
B31: Kelton José Amaral Nascimento
B32: Engenheiro Civil
B33: CREA-MG: 336.807/D
